 Dungeon Crawl Stone Soup version 0.22-a0-880-gb7b0c8b (webtiles) character file.

3289 FrankyJ the Blocker (level 10, -1/82 HPs)
             Began as a Merfolk Gladiator on July 30, 2018.
             Was an Initiate of Makhleb.
             Slain by Erica
             ... wielding a +3 scimitar of flaming
              (3 damage)
             ... on level 7 of the Dungeon.
             The game lasted 00:23:07 (9391 turns).

FrankyJ the Blocker (Merfolk Gladiator)             Turns: 9391, Time: 00:23:08

Health: -1/82      AC:  4    Str: 15    XL:     10   Next: 1%
Magic:  10/10      EV: 16    Int:  8    God:    Makhleb [......]
Gold:   349        SH:  0    Dex: 18    Spells: 9/9 levels left

rFire    . . .     SeeInvis .   a - +0 trident
rCold    . . .     Gourm    .   p - +0 shield
rNeg     . . .     Faith    .   b - +0 leather armour
rPois    .         Spirit   .   c - +0 helmet
rElec    .         Reflect  .   (no cloak)
rCorr    .         Harm     .   (no gloves)
MR       .....                  (no boots)
Stlth    +.........             (no amulet)
HPRegen  0.23/turn              (no ring)
MPRegen  0.12/turn              (no ring)

@: confused, lethally poisoned (-1 -> -5)
A: change form in water, swift swim, stealthy swim
a: Renounce Religion


You were on level 7 of the Dungeon.
You worshipped Makhleb.
Makhleb was noncommittal.
You were near starving.

You visited 2 branches of the dungeon, and saw 9 of its levels.
You also visited: Sewer.

You collected 349 gold pieces.

Inventory:

Hand Weapons
 a - a +0 trident (weapon)
 m - a +0 scythe of distortion
 I - a +1 trident
 J - a +5 trident
Missiles
 d - 4 throwing nets (quivered)
 k - 21 poisoned needles
 l - 2 needles of confusion
 y - 6 tomahawks
Armour
 b - a +0 leather armour (worn)
 c - a +0 helmet (worn)
 p - a +0 shield (worn)
 w - a +2 ring mail of magic resistance
 E - a +2 leather armour of cold resistance
Jewellery
 s - an uncursed amulet of guardian spirit {unknown}
 L - a +3 ring of dexterity {unknown}
Wands
 r - a wand of digging (13)
 C - a wand of disintegration (7)
 F - a wand of flame (17)
 M - a wand of random effects (6)
Scrolls
 g - 4 scrolls of remove curse
 u - 2 scrolls of fog
 v - 8 scrolls of amnesia
 x - 3 scrolls of teleportation
 B - 3 scrolls of identify {unknown}
 D - 2 scrolls of magic mapping {unknown}
 H - a scroll of random uselessness {unknown}
 N - a scroll of vulnerability {unknown}
Potions
 e - 3 potions of curing
 h - 2 potions of agility {unknown}
 j - 6 potions of flight
 n - a potion of degeneration {unknown}
 o - 5 potions of brilliance {unknown}
 q - 2 potions of might {unknown}
 t - a potion of magic {unknown}
 z - a potion of resistance {unknown}
 A - 2 potions of haste {unknown}
 G - a potion of lignification {unknown}
 K - 2 potions of mutation {unknown}
Comestibles
 f - 6 rations


   Skills:
 + Level 8.6 Fighting
 - Level 8.1 Polearms
 - Level 2.0 Throwing
 - Level 8.0 Dodging
 - Level 9.0 Shields


You had 9 spell levels left.
You didn't know any spells.
Your spell library was empty.

Dungeon Overview and Level Annotations

Branches:
Dungeon (8/15)             Temple (1/1) D:5
   Lair: D:8-11

Altars:
Ashenzari
Cheibriados
Dithmenos
Elyvilon
Fedhas
Gozag
Hepliaklqana
Kikubaaqudgha
Makhleb
Nemelex Xobeh
Okawaru
Qazlal
Ru
Trog
Uskayaw
Vehumet
Wu Jian
Xom
Yredelemnul
Zin
The Shining One

Shops:
D:4 %   D:6 %

Annotations:
D:7 Erica
D:8 Psyche


Message History

You feel sick.
Erica hits you with a scimitar of flaming!
Erica burns you.
You bump into the rock wall.
You feel sick. Erica misses you.
You bump into the rock wall.
You feel sick.
Erica hits you with a scimitar of flaming!
* * * LOW HITPOINT WARNING * * *
Erica burns you.
* * * LOW HITPOINT WARNING * * *
You feel much better.
You feel sick.
Erica hits you with a scimitar of flaming!
* * * LOW HITPOINT WARNING * * *
Erica burns you.
* * * LOW HITPOINT WARNING * * *
You bump into the rock wall.
You feel sick.
You bump into the rock wall.
You feel sick.
Erica hits you with a scimitar of flaming!
* * * LOW HITPOINT WARNING * * *
Erica burns you.
You die...

##.....#..## ### #.# ##..(...
##.##....## ##.# #......
#.###....# #..####.####. .##
##...# #..##....###. ## #..##
###....|..#.... # #...#
#.....#..####.. # ##...#
#######'########. #####...##
##...##.[.##...##. .....#..##
#@.8....8.'..8.>#. ##..###..###
##@..##...##...##. ##..###).#.##
#######'#######.. #....##.....###
#...##.##....... ....).##..##..##
##..#...##......
##.......###...####..#.8.##......
##..#..#.###....##...#...#...##..
#..#..###............##<##...###.
#....## #.........#...###.#.## #.


You could see Erica.

Vanquished Creatures
  Harold (D:7)
  Pikel (D:6)
  A hippogriff (D:7)
  Sigmund (D:2)
  An orc warrior (D:7)
  A slave (D:5)
  2 sky beasts
  2 ogres
  A bullfrog (D:6)
  A scorpion (D:4)
  3 killer bees (D:7)
  3 wights (D:6)
  2 howler monkeys
  A crimson imp (D:7)
  6 hounds
  A bullfrog zombie (D:5)
  2 orc priests
  A bullfrog skeleton (D:4)
  Ijyb (D:4)
  Natasha (thrice) (D:4)
  2 iguanas
  5 worker ants
  13 adders
  3 shadow imps (D:5)
  A white imp (D:8)
  An ooze (D:3)
  3 adder skeletons
  An adder zombie (D:5)
  8 worms
  4 dart slugs
  5 leopard geckos
  9 orcs
  12 ball pythons
  5 giant cockroaches
  5 goblins
  10 hobgoblins
  8 jackals (Sewer)
  10 kobolds
  4 quokkas
  6 bats
  10 frilled lizards
  A leopard gecko simulacrum (D:8)
  A quokka zombie (D:7)
  11 rats
  2 plants (Sewer)
175 creatures vanquished.

Vanquished Creatures (others)
  A centaur (D:6)
  A scorpion (D:6)
2 creatures vanquished.

Grand Total: 177 creatures vanquished

Notes
Turn   | Place    | Note
-------+----------+-------------------------------------------
     0 | D:1      | FrankyJ the Merfolk Gladiator began the quest for the Orb.
     0 | D:1      | Reached XP level 1. HP: 16/16 MP: 1/1
    78 | D:1      | Reached XP level 2. HP: 14/22 MP: 2/2
   270 | D:1      | Reached skill level 5 in Polearms
   803 | D:2      | Reached XP level 3. HP: 21/27 MP: 3/3
  1054 | D:2      | Reached skill level 5 in Dodging
  1370 | D:2      | Noticed Sigmund
  1501 | D:2      | Reached XP level 4. HP: 33/33 MP: 4/4
  1688 | D:2      | Killed Sigmund
  1688 | D:2      | Reached XP level 5. HP: 24/38 MP: 5/5
  1963 | D:3      | Reached XP level 6. HP: 44/44 MP: 6/6
  1978 | D:3      | Found a sparkling altar of Nemelex Xobeh.
  1981 | D:3      | Found a radiant altar of Vehumet.
  2174 | D:3      | Found a basalt altar of Yredelemnul.
  2974 | D:4      | Found a shimmering altar of Xom.
  3055 | D:4      | Found a glowing drain.
  3059 | Sewer    | Entered a sewer
  3491 | Sewer    | Reached XP level 7. HP: 50/51 MP: 7/7
  4458 | D:4      | Found Rirghiohu's Food Boutique.
  4489 | D:4      | Reached skill level 1 in Shields
  4565 | D:4      | Noticed Natasha
  4575 | D:4      | Killed Natasha
  4588 | D:4      | Noticed Natasha
  4616 | D:4      | Killed Natasha
  4791 | D:4      | Noticed Natasha
  4796 | D:4      | Killed Natasha
  4825 | D:4      | Noticed Ijyb
  4852 | D:4      | Killed Ijyb
  5064 | D:4      | Reached skill level 2 in Shields
  5433 | D:5      | Entered Level 5 of the Dungeon
  5506 | D:5      | Reached skill level 3 in Shields
  5720 | D:5      | Found a basalt altar of Yredelemnul.
  5726 | D:5      | Reached XP level 8. HP: 51/61 MP: 8/8
  5871 | D:5      | Found an iron altar of Okawaru.
  5883 | D:5      | Found a staircase to the Ecumenical Temple.
  5952 | D:5      | Found a bloodstained altar of Trog.
  6023 | Temple   | Entered the Ecumenical Temple
  6074 | Temple   | Became a worshipper of Makhleb the Destroyer
  6151 | D:5      | Reached skill level 5 in Fighting
  6151 | D:5      | Reached skill level 4 in Shields
  6673 | D:6      | Found Tilielyu's Food Shop.
  6850 | D:6      | Found an opulent altar of Gozag.
  6870 | D:6      | Found a hazy altar of Hepliaklqana.
  6883 | D:6      | Reached skill level 5 in Shields
  7160 | D:6      | Found an ornate altar of the Wu Jian Council.
  7162 | D:6      | Noticed Pikel
  7317 | D:6      | Killed Pikel
  7317 | D:6      | Reached skill level 7 in Shields
  7317 | D:6      | Reached XP level 9. HP: 31/68 MP: 9/9
  7530 | D:6      | Found a glowing golden altar of the Shining One.
  7674 | D:7      | Reached skill level 8 in Shields
  7685 | D:7      | Found a stormy altar of Qazlal.
  7966 | D:7      | Reached skill level 9 in Shields
  8405 | D:7      | Noticed Harold
  8445 | D:7      | Killed Harold
  8798 | D:7      | Reached XP level 10. HP: 82/82 MP: 10/10
  9309 | D:8      | Noticed Psyche
  9350 | D:8      | Noticed Erica
  9391 | D:7      | HP: 2/82 [Erica/scimitar of flaming (9)]
  9391 | D:7      | Slain by Erica

Vault maps used:
D:1:      eino_arrival_cavern_b
D:2:      uniq_sigmund
D:3:      grunt_temple_overflow_open, lemuel_coloured_pillars_altar
D:4:      lemuel_round_altar, serial_shops, shop, portal_sewer_entry_e,
          kennysheep_generic_room_16, uniq_ijyb, uniq_natasha
D:5:      overflow_temple_1_default, lemuel_doored_altar, temple_statues,
          first_ration, serial_corexii_hall, corexii_hall_statues_x,
          corexii_hall_statues_x, yredelemnul_altar_generic
D:6:      marbit_many_paths, tso_altar, kennysheep_little_box,
          lemuel_crystal_altar, serial_shops, shop_fountains, uniq_pikel
D:7:      nicolae_overflow_hidden_temple, grunt_ministairs_5, uniq_harold
D:8:      tgw_sif, dpeg_oklobed_lair, serial_ice, serial_ice_k, serial_ice_f,
          serial_ice_g, serial_ice_n, uniq_erica, uniq_psyche, uniq_gastronok
Temple:   eino_wide_crystal_templ
Sewer:    sewer_co_scattered_pipes

Skill      XL: |  1  2  3  4  5  6  7  8  9 |
---------------+----------------------------+-----
Polearms       | 5 7 8 |  8.1
Dodging        | 5 6 7 8 |  8.0
Shields        | 3 7 9 |  9.0
Fighting       | 4 5 8 |  8.6
Throwing       | |  2.0

Action                   |  1- 3 |  4- 6 |  7- 9 | 10-12 || total
-------------------------+-------+-------+-------+-------++-------
Melee: Trident           |   127 |   210 |   579 |    23 ||   939
       Tailslap          |       |     2 |     5 |       ||     7
  Use: Scroll            |     2 |       |     4 |       ||     6
       Potion            |     1 |     1 |     2 |     4 ||     8
 Stab: Sleeping          |     3 |     5 |     4 |       ||    12
  Eat: Chunk             |     2 |     6 |    14 |       ||    22
       Ration            |       |       |     1 |       ||     1
Armor: Leather armour    |    19 |    15 |    40 |     1 ||    75
Dodge: Dodged            |   100 |   131 |   227 |     4 ||   462
Block: Shield            |       |       |   103 |     7 ||   110

Table legend:
 A = Spawn XP
 B = Non-spawn XP
 C = Spawn XP percentage of total XP
 D = Spawn monster count
 E = Non-spawn monster count
 F = Spawn count percentage of total count
 G = Total turns spent on level
                    A         B        C        D         E        F      G
               +---------+---------+-------+---------+---------+-------+---------
         Total |       0 |    4699 |   0.0 |       0 |     172 |   0.0 |  9391
               +---------+---------+-------+---------+---------+-------+---------
           D:1 |       0 |      27 |   0.0 |       0 |      15 |   0.0 |   941
           D:2 |       0 |     280 |   0.0 |       0 |      26 |   0.0 |   910
           D:3 |       0 |     215 |   0.0 |       0 |      30 |   0.0 |  1103
           D:4 |       0 |     495 |   0.0 |       0 |      29 |   0.0 |  1167
           D:5 |       0 |     513 |   0.0 |       0 |      18 |   0.0 |  1185
           D:6 |       0 |     981 |   0.0 |       0 |       9 |   0.0 |   955
           D:7 |       0 |    2106 |   0.0 |       0 |      20 |   0.0 |  1714
           D:8 |       0 |      11 |   0.0 |       0 |       2 |   0.0 |    28
         Sewer |       0 |      71 |   0.0 |       0 |      23 |   0.0 |  1312
               +---------+---------+-------+---------+---------+-------+---------
